 Dungeon Crawl Stone Soup version 0.31.0-11-ge490571c62 (webtiles) character file.

Game seed: 14820115407425761841

0 ezpacito the Trooper (level 1, -1/18 HPs)
             Began as a Demonspawn Chaos Knight on Jan 29, 2024.
             Was a Plaything of Xom.
             Slain by an adder (2 damage)
             ... on level 2 of the Dungeon.
             The game lasted 00:00:19 (76 turns).

ezpacito the Trooper (Demonspawn Chaos Knight)        Turns: 76, Time: 00:00:20

Health: -1/18      AC:  5    Str: 12    XL:     1   Next: 8%
Magic:  1/1        EV: 11    Int: 12    God:    Xom [*.....]
Gold:   5          SH:  0    Dex: 12    Spells: 0/0 levels left

rFire   . . .        a - +0 hand axe (chaos)
rCold   . . .        (no shield)
rNeg    . . .        b - +2 leather armour
rPois   .            (no helmet)
rElec   .            (no cloak)
rCorr   .            (no gloves)
SInv    .            (no boots)
Will    .....        (no amulet)
Stlth   +            (no ring)
HPRegen 0.23/turn    (no ring)
MPRegen 0.07/turn

%: no passive effects
@: lethally poisoned (-1 -> -8)
A: no striking features
a: Renounce Religion


You were on level 2 of the Dungeon.
You worshipped Xom.
You were a special plaything of Xom.
You visited 1 branch of the dungeon, and saw 2 of its levels.

You collected 5 gold pieces.

Inventory:

Hand Weapons
 a - a +0 hand axe of chaos (weapon)
Armour
 b - a +2 leather armour (worn)


   Skills:
 * Level 3.0 Fighting
 * Level 2.6 Axes
 * Level 1.7 Armour
 * Level 0.8 Dodging
 * Level 0.2 Stealth


You couldn't memorise any spells.
You didn't know any spells.
Your spell library was empty.

Dungeon Overview and Level Annotations

Branches:
Dungeon (1/15)

Altars:


Message History

You barely miss the adder. The adder bites you but does no damage.
The adder closely misses you.
You hit the adder but do no damage. Xom almost notices you.
Your eyebrows briefly feel incredibly bushy.
You are now a special plaything of Xom.
The adder bites you but does no damage.
You closely miss the adder. The adder barely misses you. The adder misses you.
You closely miss the adder. The adder bites you but does no damage.
You miss the adder. The adder bites you but does no damage.
The adder barely misses you.
You barely miss the adder. The adder closely misses you.
You barely miss the adder. The adder barely misses you. The adder bites you.
You barely miss the adder. The adder bites you but does no damage.
You hit the adder but do no damage. The adder bites you.
The adder bites you but does no damage.
You miss the adder. The adder bites you but does no damage.
The adder bites you.
You hit the adder but do no damage. The adder bites you but does no damage.
You barely miss the adder. The adder bites you.
You are poisoned.
The adder poisons you! The adder misses you.
You miss the adder.
You feel sick. The adder barely misses you.
You closely miss the adder.
You feel sick. The adder closely misses you. The adder bites you.
* * * LOW HITPOINT WARNING * * *
You aren't carrying any potions.
As you read the scroll of butterflies, it crumbles to dust.
You hear the flapping of tiny wings.
The adder is knocked back by the sudden gust.
* * * LOW HITPOINT WARNING * * *
You feel sick.
You swap places.
Found a long glowing staff.
* * * LOW HITPOINT WARNING * * *
You feel sick. The adder bites you.
* * * LOW HITPOINT WARNING * * *
You are more poisoned.
The adder poisons you! The adder bites you.
You die...
Xom howls with laughter!

########
##...bbb#
#bb#.b#.# #
#b.#bb# ....#bS@#
..$..#bb#.bb.....
....#bb#.b##.....
.....b#.bb# ....
.....#.b#b# ...
....#..#..# ..
....b.# ... #
)...|# #..#


You could see an adder (ally target).

Vanquished Creatures
  A goblin (D:1)
1 creature vanquished.

Notes
Turn   | Place    | Note
-------+----------+-------------------------------------------
     0 | D:1      | ezpacito the Demonspawn Chaos Knight began the quest for
                  | the Orb.
     0 | D:1      | Reached XP level 1. HP: 18/18 MP: 1/1
    52 | D:1      | You fall into a shaft and drop 1 floor!
    62 | D:2      | XOM: silly message
    76 | D:2      | Slain by an adder

Illustrated notes

Levels and vault maps discovered:
D:1:      sevenhm_arrival_forest_fort_small_4, layout_basic,
          chequers_serial_rivers_micro_a
D:2:      layout_rooms, serial_aquarium, aquarium_bridge_square
          [aquarium_subvault_balcony, aquarium_subvault_bridge,
          aquarium_subvault_balcony, aquarium_subvault_window],
          aquarium_window_1, aquarium_window_1, aquarium_window_1,
          aquarium_window_fake, aquarium_view_2b, minmay_misc_feat_diagonals,
          grunt_decor_junction, grunt_decor_one_mirror, eino_tiny_chamber

Action                     || total
---------------------------++-------
  Melee: Hand axe          ||    16
    Use: Scroll            ||     1
 Armour: Leather armour    ||    18
  Dodge: Dodged            ||    10
